[Event "*** Titled Tuesday Blitz"]
[Site "Chess.com"]
[Date "2021.02.09"]
[Round "11"]
[White "SKLGgonkom"]
[Black "JoliyRoger"]
[Result "0-1"]
[WhiteElo "2348"]
[BlackElo "2432"]
[TimeControl "180+1"]
[EndTime "12:08:50 PST"]
[Termination "JoliyRoger won by resignation"]

1. Nf3 Nf6 2. c4 c5 3. g3 e6 4.
Bg2 Be7 5. O-O O-O 6. Nc3 Nc6 7.
d4 cxd4 8. Nxd4 Ne5 9. b3 d6 10. Qd2 a6 11. Rd1 Qc7 12. a4 Rb8 13. a5 Re8 14. Ba3 Nfd7 15. Na4 Nc5 16. Nb6 Bf8 17.
Rab1 Ned7 18. b4 e5 19. bxc5 exd4 20. cxd6 Bxd6 21. Bxd6 Qxd6 22. Qxd4 Qxd4 23. Rxd4 Nc5 24. e3 Bf5 25. Rbd1 Nb3 26. Rd5 Be6 27. Rd6 Nxa5 28.
R1d4 Nb3 29. Rd1 h6 30. Nd7 Bxd7 31. Rxd7 Nc5 32. Rc7 Rec8 33. Rxc8+ Rxc8 34. Rb1 Rc7 35. Bd5 Kf8 36. e4 Ke7 37. f3 f6 38. Rb6 Rd7 39.
Kf2 Rd6 40. Rb1 Rd7 41. Rb6 Rc7 42. Ke3 Kd8 43. Kd4 Kc8 44. f4 Nd7 45. Re6 Kd8 46. e5 Nc5 47. Rd6+ Ke7 48. Rb6 fxe5+ 49. fxe5 Kd7 50.
Rg6 Ke8 51. e6 Nb3+ 52. Ke5 Nd2 53. Kd6 Re7 54. c5 Nb1 55. Rg4 Nc3 56. Bg2 Nb5+ 57.
Ke5 Rc7 58. Be4 Rxc5+ 59. Kf4 Rc7 60. Bg6+ Ke7 61. Bf7 Rc4+ 62. Kf3 Rxg4 63. Kxg4 Nd6 64. Kh5 Nxf7 65. Kg6 Ne5+ 66. Kxg7 h5 67. Kh6 a5 68.
Kxh5 a4 69. Kg5 a3 70. h4 a2 71. h5 a1=Q 72. g4 Nxg4 73. Kxg4 Qh8 0-1

[Event "*** Titled Tuesday Blitz"]
[Site "Chess.com"]
[Date "2021.02.09"]
[Round "11"]
[White "dopolian"]
[Black "Homino"]
[Result "1-0"]
[WhiteElo "2390"]
[BlackElo "2297"]
[TimeControl "180+1"]
[EndTime "12:08:51 PST"]
[Termination "dopolian won by checkmate"]

1. Nf3 c5 2. c4 Nc6 3. b3 Nf6 4. Bb2 d6 5. d4 cxd4 6. Nxd4 g6 7. Nc3 Bg7 8. e4 Nxd4 9. Qxd4 O-O 10. Be2 Be6 11. O-O a5 12. Rfd1 Nd7 13. Qd2 Nc5 14. f3 Qb6 15. Kh1 a4 16. Nb5 axb3 17. Bxg7 Kxg7 18. axb3 Kg8 19. Qc3 Rfc8 20. Nd4 Bd7 21. h3 Rxa1 22. Rxa1 e5 23. Nb5 Nxe4 24. fxe4 Bxb5 25.
Qb4 Qf2 26. Bg4 Qd4 27. Rd1 Qc5 28. Qxc5 Rxc5 29. cxb5 Rxb5 30. Rd3 Kf8 31. Rxd6 Rxb3 32. Rd7 b5 33. Rb7 b4 34. Kh2 h5 35. Bd7 Rb2 36.
Bc6 Kg7 37. Bd5 Kh6 38. Rxf7 Kg5 39. Rb7 Kf4 40. Rb6 g5 41. Rf6+ Ke3 42. Rf5 b3 43. Rxg5 Rb1 44. Bxb3 Rxb3 45. Rxe5 Kf4 46. Rxh5 Kxe4 47.
Rh4+ Kf5 48. Rg4 Kf6 49. Rg3 Rb1 50. h4 Rc1 51. Rf3+ Kg6 52. g4 Kh6 53. Kg3 Kg7 54. g5 Rg1+ 55. Kf4 Rh1 56. Kg4 Rg1+ 57. Kh5 Rb1 58.
Ra3 Rb7 59. Ra5 Rc7 60. Rd5 Ra7 61. Rd4 Rb7 62. Kg4 Rc7 63. h5 Ra7 64. h6+ Kg6 65.
Rd6+ Kh7 66. Kh5 Ra1 67. g6+ Kg8 68. Rd8# 1-0

[Event "*** Titled Tuesday Blitz"]
[Site "Chess.com"]
[Date "2021.02.09"]
[Round "11"]
[White "ShahMatKanal"]
[Black "imdvb6307"]
[Result "1-0"]
[WhiteElo "2483"]
[BlackElo "2372"]
[TimeControl "180+1"]
[EndTime "12:08:52 PST"]
[Termination "ShahMatKanal won by checkmate"]

1. d4 d5 2. c4 c6 3. Nf3 Nf6 4. e3 Bg4 5. h3 Bxf3 6. Qxf3 e6 7. Nc3 Nbd7 8. Qd1 Bb4 9. Bd2 O-O 10. a3 Ba5 11. b4 Bc7 12. f4 a5 13. c5 b6 14.
Bd3 axb4 15. axb4 bxc5 16. bxc5 Rxa1 17. Qxa1 Qa8 18. Ke2 Ba5 19. Rb1 Bxc3 20. Bxc3 Qxa1 21. Rxa1 Rc8 22. Ra7 Nb8 23. f5 Nfd7 24. fxe6 fxe6 25.
e4 Nf6 26. e5 Nfd7 27. Bd2 h6 28.
Ba5 Kf7 29. Bc7 Rxc7 30. Rxc7 Ke7 31. Rb7 Kd8 32. Bg6 Kc8 33. Rb4 Nf8 34. Bf7 Na6 35.
Rb6 Nb8 36. Kf3 Kc7 37. Kf4 Nbd7 38. Ra6 Kb7 39. Ra2 Nb8 40. Rb2+ Kc7 41. h4 Na6 42. g4 Nb8 43. g5 hxg5+ 44. hxg5 Kc8 45. Rh2 Kd8 46. g6 Ke7 47. Kg5 Na6 48. Rh7 Nc7 49.
Rxg7 Nb5 50. Bg8+ Kd8 51. Rf7 Nxg6 52. Kxg6 Nxd4 53. Ra7 Kc8 54. Kf6 Kb8 55. Re7 Kc8 56. Bxe6+ Kd8 57. Rd7+ Ke8 58. Bg4 Nb3 59. e6 Nxc5 60.
Re7+ Kd8 61. Ra7 Ne4+ 62. Ke5 Ke8 63. Bh5+ Kf8 64. e7+ Kg7 65. e8=Q+ Kh6 66. Qg6# 1-0

[Event "*** Titled Tuesday Blitz"]
[Site "Chess.com"]
[Date "2021.02.09"]
[Round "11"]
[White "KaterinaMiroshnik"]
[Black "Gloomy_Wanderer"]
[Result "0-1"]
[WhiteElo "2617"]
[BlackElo "2740"]
[TimeControl "180+1"]
[EndTime "12:08:55 PST"]
[Termination "Gloomy_Wanderer won by resignation"]

1. d4 Nf6 2. Nf3 e6 3. e3 b6 4.
Bd3 Bb7 5. O-O c5 6. b3 cxd4 7. Nxd4 Be7 8. Bb2 O-O 9. c4 d6 10. Nc3 Nbd7 11. Be2 Ne5 12. Nf3 Ng6 13. a4 a6 14. a5 bxa5 15. Ra2 Qb6 16. Nd2 Ne5 17. Qa1 Nc6 18. Bf3 Rfc8 19. Ne2 Ne8 20. Nd4 Bf6 21. Nxc6 Bxc6 22. Bxf6 Nxf6 23. Bxc6 Rxc6 24. Rxa5 Nd7 25. Qa3 Rb8 26. Ra1 Nc5 27. h3 h6 28. Rb1 Qb4 29. Qxb4 Rxb4 30. Kf1 Rcb6 31. Ke2 Kf8 32. Kd1 Ke7 33.
Kc2 f5 34. Ra3 Rb8 35. g4 g5 36. h4 fxg4 37. hxg5 h5 38. Rh1 Rh8 39. Raa1 Rbb8 40. Rag1 Rbf8 41. Rg2 Rf5 42. b4 Nd7 43. Ne4 Ne5 44.
Ng3 Rxg5 45. Ne4 Rf5 46. Ng3 Rg5 47. Ne4 Rg7 48. c5 dxc5 49. bxc5 h4 50. Kc3 h3 51. Rg3 Rh5 52. Kb4 Rf7 53. Rh2 Rf3 54. Ka5 Rxg3 55. fxg3 Rh8 56. Kxa6 Rb8 57. Nf2 Rb1 58. Nxg4 Nxg4 59.
Rxh3 Nxe3 60. Rh7+ Kf6 61. c6 Nd5 62. c7 Rc1 63. Kb7 Rxc7+ 64. Rxc7 Nxc7 65. Kxc7 e5 66. Kd6 e4 67. Kd5 e3 0-1

[Event "*** Titled Tuesday Blitz"]
[Site "Chess.com"]
[Date "2021.02.09"]
[Round "11"]
[White "bangchess21"]
[Black "sorrm8thatscheckm8"]
[Result "1-0"]
[WhiteElo "2736"]
[BlackElo "2602"]
[TimeControl "180+1"]
[EndTime "12:08:56 PST"]
[Termination "bangchess21 won on time"]

1. Nf3 Nf6 2. b3 g6 3. Bb2 Bg7 4. e3 O-O 5. d4 d6 6. Bd3 e5 7.
dxe5 Ng4 8. h3 Nxe5 9. Nxe5 dxe5 10. O-O Qg5 11. Kh2 Nc6 12. Nd2 Qe7 13. a4 Rd8 14.
Qe2 Nb4 15. Ba3 c5 16. Bxb4 cxb4 17. Rad1 Bd7 18. Be4 Bc6 19. Bxc6 bxc6 20. Qc4 Rac8 21. Ne4 h6 22. Qc5 Qxc5 23. Nxc5 Rd5 24. Nd3 Rcd8 25.
e4 Rd4 26. f3 f5 27. Rfe1 f4 28. Kg1 Bf6 29. Kf1 Bh4 30. Re2 Bf6 31. Red2 Kf7 32. Ke2 a5 33. Nc5 Ke7 34. Rxd4 exd4 35. Kd3 h5 36.
Kc4 g5 37. e5 Bxe5 38. Re1 Rd5 39. Ne4 d3 40. cxd3 h4 41. d4 Rxd4+ 42. Kc5 Kd7 43. Kb6 Rd5 44. Nc5+ Kd6 45. Nb7+ Kd7 46. Re4 Bc7+ 47.
Ka6 c5 48. Kb5 c4+ 49. Kxc4 Rd2 50. Nc5+ Kc6 51. Re6+ Bd6 52. Ne4 Rc2+ 53. Kd3 Rxg2 54. Rxd6+ Kc7 55. Rg6 Rh2 56. Rg7+ Kc6 57. Nxg5 1-0

[Event "*** Titled Tuesday Blitz"]
[Site "Chess.com"]
[Date "2021.02.09"]
[Round "11"]
[White "Alexander_Zubov"]
[Black "AlexTriapishko"]
[Result "1/2-1/2"]
[WhiteElo "2971"]
[BlackElo "2862"]
[TimeControl "180+1"]
[EndTime "12:09:00 PST"]
[Termination "Game drawn - insufficient material"]

1. d4 Nf6 2. c4 e6 3. Nf3 d5 4.
Nc3 Bb4 5. cxd5 exd5 6. Bg5 O-O 7.
Rc1 Bf5 8. Qb3 c5 9. dxc5 Nc6 10. Bxf6 Qxf6 11. Qxd5 Rad8 12. Qc4 Be6 13. Qh4 Qxh4 14. Nxh4 Bxa2 15. e3 Bb3 16. Nf3 Bxc5 17. Nd2 Be6 18. Nde4 Bb4 19. Be2 h6 20. f4 Rfe8 21. Bf3 f5 22. Ng3 g6 23. Rd1 Rxd1+ 24. Kxd1 Rd8+ 25. Kc2 Bc5 26. Re1 Nb4+ 27. Kb1 Rd2 28. Re2 Rxe2 29.
Ngxe2 Bxe3 30. Bxb7 Kg7 31. g3 Bc4 32. Bf3 Bd3+ 33. Ka1 g5 34. fxg5 hxg5 35. h3 Kg6 36. b3 Nc2+ 37. Kb2 Nd4 38. Nxd4 Bxd4 39. b4 f4 40. gxf4 gxf4 41. Kb3 Kg5 42. Ne2 Be5 43. Ng1 Kh4 44. Bg4 Kg3 45. Nf3 Bf6 46. Nd2 Bg6 47. Kc4 Kf2 48. Kd5 Ke3 49. Nc4+ Kf2 50. Ne5 Bxe5 51.
Kxe5 Ke3 52. Kd6 Bd3 53. Kc6 Be2 54. Be6 f3 55. h4 f2 56. Bh3 Bg4 57. Bf1 Kf4 58. Kc7 Kg3 59. h5 Bxh5 60. Kb7 Kh2 61. Kxa7 Kg1 62. Bd3 Bg4 63. b5 Bh3 64. b6 Bf1 65.
Bxf1 Kxf1 66. b7 Kg1 67. b8=Q f1=Q 68. Qb6+ Qf2 69. Qxf2+ Kxf2 1/2-1/2

[Event "*** Titled Tuesday Blitz"]
[Site "Chess.com"]
[Date "2021.02.09"]
[Round "11"]
[White "Lion-Al-Messi"]
[Black "ZarinaShafigullina"]
[Result "0-1"]
[WhiteElo "2516"]
[BlackElo "2439"]
[TimeControl "180+1"]
[EndTime "12:09:02 PST"]
[Termination "ZarinaShafigullina won by resignation"]

1. e4 c5 2. Nf3 Nc6 3. d4 cxd4 4. Nxd4 Nf6 5. Nc3 e5 6. Ndb5 d6 7. Nd5 Nxd5 8. exd5 Nb8 9. c4 Be7 10. Be2 O-O 11.
O-O Bf5 12. b3 Nd7 13. Bb2 a6 14. Nc3 Bg6 15. f4 f5 16. fxe5 Nxe5 17. Qd2 Bg5 18. Qd4 Re8 19. Kh1 Bf6 20. Qf4 Bg5 21. Qf2 Ng4 22. Bxg4 fxg4 23. Ne2 Be3 24. Qg3 Qd7 25. Nf4 Bxf4 26. Rxf4 h5 27. Raf1 Re2 28. Qc3 Rae8 29.
Kg1 R2e3 30. Qd4 R8e4 31. Rf8+ Kh7 32. Qa7 Re8 33. Qd4 R3e4 34. Qd2 Re2 35. Qc3 Rxf8 36. Rxf8 Rc2 37. Qd4 Qe7 38. Rf1 h4 39. a4 h3 40.
gxh3 gxh3 41. Bc1 Rg2+ 42. Kh1 Be4 43. Rf4 Re2+ 44. Rxe4 Qxe4+ 45. Qxe4+ Rxe4 46. Bd2 Re2 47. Bb4 Rb2 48. Kg1 Rxb3 49. Bxd6 Rc3 50. c5 Rd3 51.
Bc7 Rxd5 52. Bd6 Rd2 53. a5 Rc2 54. Kf1 Kg6 55. Ke1 Kf5 56. Kd1 Rg2 57. Bc7 g5 58.
Kc1 g4 59. Kd1 Ke4 60. Kc1 Kd3 61. Kb1 Kc3 62. c6 bxc6 63. Be5+ Kb3 64. Kc1 c5 65. Kd1 c4 66. Bd4 c3 0-1

[Event "*** Titled Tuesday Blitz"]
[Site "Chess.com"]
[Date "2021.02.09"]
[Round "11"]
[White "OriTaichman"]
[Black "olksuna"]
[Result "0-1"]
[WhiteElo "2538"]
[BlackElo "2681"]
[TimeControl "180+1"]
[EndTime "12:09:04 PST"]
[Termination "olksuna won by checkmate"]

1. e4 c5 2. Nf3 e6 3. b3 a6 4. Bb2 d5 5. exd5 exd5 6. Bd3 Qe7+ 7. Qe2 Qxe2+ 8. Kxe2 f6 9. Re1 Bd6 10. Kf1+ Kf7 11. Nc3 Ne7 12. Nxd5 Nxd5 13. Bc4 Be6 14. Rxe6 Kxe6 15. Re1+ Kd7 16. Bxd5 Nc6 17. d4 cxd4 18. Nxd4 Nxd4 19. Bxd4 Rhe8 20. Rxe8 Rxe8 21. Bxb7 a5 22. a4 Kc7 23. Bf3 Be5 24. Bc5 Bd6 25. Be3 Bb4 26.
Ke2 Bc5 27. c3 Kd6 28. Kd3 Bxe3 29. fxe3 Kc5 30. h4 g6 31. g3 g5 32. h5 f5 33. e4 f4 34. g4 Rd8+ 35. Kc2 Rd7 36. Be2 h6 37. Bf3 Rd6 38. Be2 Re6 39. Bf3 Rf6 40. Kd3 Rd6+ 41. Kc2 Rd8 42. Be2 Kb6 43.
Bf3 Rd7 44. b4 axb4 45. cxb4 Rc7+ 46. Kd3 Rc1 47. e5 Re1 48. Be4 Re3+ 49. Kd4 Rb3 50. a5+ Kc7 51. Kc5 f3 52. b5 f2 53. Bg2 Rc3+ 54.
Kb4 Rg3 55. b6+ Kb8 56. Bf1 Rxg4+ 57. Kc5 Rg1 58. Bd3 f1=Q 59. Bxf1 Rxf1 60. a6 Re1 61. Kd6 g4 62. a7+ Kb7 63. e6 g3 64. e7 g2 65.
e8=Q Rxe8 66. a8=Q+ Rxa8 67. Ke6 Ra6 68. Kf7 Rxb6 69.
Kg7 g1=Q+ 70. Kh7 Qg5 71. Kh8 Qe7 72. Kg8 Kc7 73. Kh8 Rb8# 0-1

[Event "*** Titled Tuesday Blitz"]
[Site "Chess.com"]
[Date "2021.02.09"]
[Round "11"]
[White "WiktoriaPOL"]
[Black "juli2512"]
[Result "0-1"]
[WhiteElo "2024"]
[BlackElo "2173"]
[TimeControl "180+1"]
[EndTime "12:09:05 PST"]
[Termination "juli2512 won on time"]

1. e4 c5 2. d4 cxd4 3. c3 d3 4.
Bxd3 Nc6 5. Nf3 d6 6. O-O g6 7. Bc4 Bg7 8. Be3 Nf6 9. Nbd2 O-O 10. b4 Ne5 11. Nxe5 dxe5 12. Bb3 Qc7 13. Qc2 Ng4 14. Nc4 Nxe3 15. Nxe3 e6 16. c4 b6 17. c5 Bb7 18.
Rac1 Rac8 19. c6 Ba6 20. a4 Bxf1 21. Rxf1 Bh6 22. b5 Qd6 23. Ng4 Bg7 24. Rd1 Qb4 25.
f3 Rfd8 26. h3 Rxd1+ 27. Qxd1 Qd4+ 28. Kf1 h5 29. Nf2 Qxd1+ 30. Nxd1 Kf8 31. Ne3 Ke7 32. Nc4 Rc7 33. Ke2 Kd8 34. Nd6 Re7 35. g4 Kc7 36. Nc4 hxg4 37. hxg4 f5 38. exf5 exf5 39. g5 e4 40. f4 Bd4 41. Ne3 Bxe3 42. Kxe3 Kd6 43. Bc4 Rh7 44. Bg8 Rg7 45. Bc4 Kc5 46. Bb3 Kb4 47.
Bc2 Kc3 48. Bd1 Rh7 49. Be2 Rh3+ 50. Kf2 Rh7 51. Ke3 Re7 52. Bd1 Kb4 53. Bc2 Kc3 54.
Bd1 Kb2 55. Ke2 e3 56. Kd3 Kc1 57. Be2 Kb2 58. Bd1 Ka3 59. Ke2 Kb4 60. Bc2 Kc3 61.
Bd1 Kd4 62. Bc2 Rc7 63. Bd1 Re7 64. Bc2 Rh7 65. Kf3 Rh2 66. Bd1 Rf2+ 67. Kg3 Rf1 68. Be2 Rc1 0-1

[Event "*** Titled Tuesday Blitz"]
[Site "Chess.com"]
[Date "2021.02.09"]
[Round "11"]
[White "GianmarcoVaR"]
[Black "ChessQueen"]
[Result "1-0"]
[WhiteElo "2587"]
[BlackElo "2778"]
[TimeControl "180+1"]
[EndTime "12:09:08 PST"]
[Termination "GianmarcoVaR won by resignation"]

1. e4 c6 2. d3 d5 3. Nf3 g6 4. Nc3 Bg7 5. Be2 d4 6. Nb1 c5 7. O-O Nc6 8. a4 Nf6 9. Na3 O-O 10. Nc4 Be6 11. b3 b6 12. h3 a6 13. a5 b5 14. Nb6 Ra7 15. Bd2 Nd7 16. Nd5 Nde5 17.
Nxe5 Nxe5 18. f4 Bxd5 19. exd5 Nd7 20. b4 cxb4 21. Bxb4 Nf6 22. Bf3 Rc7 23. d6 exd6 24. f5 Qd7 25. Qd2 Qxf5 26. Bxd6 Qc8 27. Bxf8 Qxf8 28.
Rf2 Qd6 29. Raf1 Nd7 30. Re2 Ne5 31. Kh1 b4 32. Re4 Qc5 33. Bd1 f5 34. Ree1 Qxa5 35.
g4 Qd5+ 36. Kg1 fxg4 37. Qxb4 Rc8 38. hxg4 a5 39. Qe7 a4 40. Re4 a3 41. Qxa3 Qd7 42. Qa5 Nc6 43. Qg5 Qd6 44. Qf4 Qxf4 45. Rexf4 Ne5 46.
Re4 Nf7 47. Kg2 Ng5 48. Re7 Bf8 49. Rd7 Bg7 50. Re1 Rf8 51. Ree7 Bf6 52. Re1 Bg7 53. Rd5 Nf7 54. Re7 Bf6 55. Re6 Bg7 56. Re7 Bf6 57.
Red7 h6 58. Rxd4 Bxd4 59. Rxd4 Re8 60. Rc4 Re1 61. Bf3 Ng5 62. Rc8+ Kf7 63. Rc7+ Kf6 64.
Rc6+ Ke5 65. Rxg6 Rc1 66. Rxh6 Kf4 67. Rf6+ Ke3 68. Rf5 Rxc2+ 69. Kg3 Ne6 70. Re5+ Kd4 71. Rxe6 1-0

[Event "*** Titled Tuesday Blitz"]
[Site "Chess.com"]
[Date "2021.02.09"]
[Round "11"]
[White "MITerryble"]
[Black "Anton_Demchenko"]
[Result "1-0"]
[WhiteElo "2946"]
[BlackElo "2849"]
[TimeControl "180+1"]
[EndTime "12:09:10 PST"]
[Termination "MITerryble won by resignation"]

1. d4 Nf6 2. Nf3 e6 3. c4 b6 4.
g3 Bb7 5. Bg2 Bb4+ 6. Bd2 Bxd2+ 7.
Qxd2 O-O 8. O-O d6 9. Qc2 Nbd7 10. Nc3 c5 11. Rfd1 Qe7 12. d5 e5 13. Nh4 g6 14. Qd2 Nh5 15. e4 a6 16. Qh6 Ng7 17. Re1 Kh8 18. a4 Rab8 19. Re2 Bc8 20. Rae1 Nf6 21. h3 Ng8 22. Qd2 Bd7 23. Kh2 Nh5 24.
Re3 b5 25. cxb5 axb5 26. axb5 Bxb5 27. Bf3 Ng7 28. Bd1 Bd7 29. Ng2 Rb4 30. f4 Rfb8 31. b3 f6 32. Rf3 Bc8 33. Ne3 Qd7 34. Qg2 Qe7 35. Ref1 Ba6 36. R1f2 R4b7 37. h4 Nh6 38. Qh3 Rc7 39. fxe5 Qxe5 40. Ng4 Nxg4+ 41. Qxg4 Nh5 42. Qe6 Kg7 43. Re3 Re7 44. Qxe5 Rxe5 45. g4 c4 46. bxc4 Rc8 47. gxh5 Rxc4 48. Be2 Rxc3 49.
Rxc3 Bxe2 50. Rxe2 Rxh5 51. Rc7+ Kh6 52. Kg3 Re5 53.
Rc6 f5 54. Rxd6 fxe4 55. Re6 Rxd5 56. R6xe4 Rd3+ 57. R2e3 Rd1 58. Re7 Rg1+ 59. Kh2 Rf1 60. Kh3 Rf4 61. R3e4 Rf3+ 62. Kg4 Rf1 63. Rd4 Rg1+ 64.
Kf3 Rf1+ 65. Kg3 Rg1+ 66. Kh2 Rf1 67. Rdd7 Kh5 68. Rxh7+ Kg4 69. Rd4+ Kf3 70. Rf7+ Ke2 71. Rxf1 1-0

[Event "*** Titled Tuesday Blitz"]
[Site "Chess.com"]
[Date "2021.02.09"]
[Round "11"]
[White "juancruzarias"]
[Black "alexrustemov"]
[Result "0-1"]
[WhiteElo "2627"]
[BlackElo "2752"]
[TimeControl "180+1"]
[EndTime "12:09:10 PST"]
[Termination "alexrustemov won by resignation"]

1. d4 g6 2. Nf3 Bg7 3. c3 Nf6 4.
Bg5 O-O 5. Nbd2 d6 6. e4 b6 7. Be2 Bb7 8. Qc2 c5 9. d5 h6 10. Bh4 g5 11. Bg3 Nh5 12. O-O Nd7 13. Rfd1 Qc7 14.
Nf1 Nxg3 15. Nxg3 Ne5 16. Nf5 Bc8 17. Nxg7 Kxg7 18. Qd2 Ng6 19. a4 a6 20. b4 Bd7 21.
Rdb1 Rfc8 22. a5 b5 23. Rc1 Qd8 24. Qe3 f6 25. Nd2 Ne5 26. Nb3 cxb4 27. cxb4 Rxc1+ 28. Rxc1 Rc8 29. Nd4 Rxc1+ 30. Qxc1 Qc8 31. Qxc8 Bxc8 32.
g3 g4 33. Kf1 Bd7 34. Ke1 Kg6 35. Kd2 Kg5 36. Ke3 h5 37. f4+ gxf3 38. Nxf3+ Nxf3 39. Bxf3 h4 40. Be2 hxg3 41. hxg3 f5 42. Bd1 fxe4 43.
Kxe4 Bf5+ 44. Ke3 Bh3 45. Be2 Bg2 46. Kd4 Bh3 47. Bd1 Bd7 48. Be2 Kf5 49. Bd1 Kf6 50. Bf3 Bf5 51. Be2 Kg5 52. Bf3 Bg4 53. Be4 Be2 54. Ke3 Bc4 55. Bf3 Kf5 56. Kd4 Bf1 57.
Bd1 Bg2 58. Be2 Kf6 59. Bd1 Bh3 60. Be2 Bd7 61. Bd1 Kf5 62. Be2 Kg5 63. Bd1 Bg4 64. Bc2 Bf3 65. Ke3 Bxd5 66. Bd1 Bb7 67. Be2 e5 68.
Bd1 d5 69. Kd3 d4 70. Be2 Bd5 71. Bd1 Kf5 72. Bh5 Bc4+ 73. Kd2 e4 74. Be8 e3+ 75. Ke1 d3 76. Bh5 d2+ 77. Kd1 Bb3+ 0-1

[Event "*** Titled Tuesday Blitz"]
[Site "Chess.com"]
[Date "2021.02.09"]
[Round "11"]
[White "Ekose"]
[Black "KubaGepard"]
[Result "0-1"]
[WhiteElo "2592"]
[BlackElo "2398"]
[TimeControl "180+1"]
[EndTime "12:09:11 PST"]
[Termination "KubaGepard won by resignation"]

1. d4 d5 2. Nf3 Nf6 3. c4 dxc4 4.
Qa4+ Nc6 5. Qxc4 Bf5 6. Nc3 e6 7. a3 a6 8. Bg5 Be7 9. e3 O-O 10. Be2 h6 11. Bh4 Bc2 12. b4 Bg6 13. O-O Nd5 14. Nxd5 exd5 15. Bxe7 Nxe7 16. Qb3 c6 17. Ne5 Bh7 18. a4 Qd6 19. Rfc1 f6 20. Nd3 Bxd3 21. Bxd3 b5 22. Rc5 f5 23. g3 g5 24. axb5 axb5 25. Rxa8 Rxa8 26. Qc2 Rf8 27. f4 g4 28. Qb1 Kg7 29.
Kg2 Ra8 30. Rc2 Ra3 31. Rc5 Qe6 32. Kf2 h5 33. Qc2 h4 34. Rc3 Rxc3 35. Qxc3 hxg3+ 36. hxg3 Qh6 37. Bf1 Qh2+ 38. Bg2 Kf6 39. Qc5 Ke6 40.
Qa7 Qh8 41. Qc7 Qc8 42. Qa7 Qd7 43. Qb8 Nc8 44. Bf1 Nd6 45. Bd3 Ne4+ 46. Bxe4 dxe4 47. Qe5+ Kf7 48. Qh8 Qd5 49. Qh7+ Kf8 50. Qh6+ Kf7 51. Qh5+ Ke6 52. Qe8+ Kf6 53. Qh8+ Ke7 54. Qg7+ Kd6 55.
Ke1 Qc4 56. Qe5+ Kd7 57. Qxf5+ Kc7 58. Qe5+ Kb6 59. Qc5+ Qxc5 60. dxc5+ Kc7 61. Kd2 Kd7 62. Kc3 Ke6 63. Kd4 Kf5 64. Kc3 Kf6 65. Kc2 Ke6 66. Kd2 Kf6 67. Kc3 Ke6 68. Kd4 Kf5 69. Kc3 Kf6 70.
Kb3 Ke6 71. Kb2 Kd5 72. Kc2 Ke6 73. Kd1 Kd5 74. Ke1 Kc4 75. Kd2 Kxb4 76. f5 Kxc5 77. Kc3 Kd5 78. Kb4 Ke5 79. Kc5 Kxf5 80. Kxc6 b4 81. Kb5 b3 82. Kc4 b2 83. Kd4 b1=Q 0-1

[Event "*** Titled Tuesday Blitz"]
[Site "Chess.com"]
[Date "2021.02.09"]
[Round "11"]
[White "tylityli"]
[Black "malakismayil"]
[Result "0-1"]
[WhiteElo "2272"]
[BlackElo "2373"]
[TimeControl "180+1"]
[EndTime "12:09:12 PST"]
[Termination "malakismayil won on time"]

1. d4 Nf6 2. c4 e6 3. Nc3 Bb4 4. e3 O-O 5. Ne2 b6 6. a3 Bxc3+ 7. Nxc3 Bb7 8. d5 d6 9. g3 Nbd7 10. Bg2 e5 11. O-O a5 12. e4 h6 13. Be3 Ba6 14.
b3 Nc5 15. b4 Ncd7 16. Qb3 Rb8 17. Rfc1 Ng4 18. Bd2 f5 19. h3 Ngf6 20. exf5 Nh7 21. g4 h5 22. Ne4 Ndf6 23. Qg3 Nxe4 24. Bxe4 Ng5 25. Bg2 hxg4 26. hxg4 Qf6 27. f4 exf4 28. Qxf4 Nf7 29. Bc3 Qh4 30. Be1 Qf6 31. Bc3 Qh4 32.
b5 Bb7 33. Re1 Rbe8 34. Re6 Bc8 35. Re3 Bd7 36. Rae1 Rxe3 37. Rxe3 Re8 38. Rxe8+ Bxe8 39. Qe3 Bd7 40. Qe2 Kf8 41. Bd2 Ne5 42. Be1 Qxg4 43. Qxg4 Nxg4 44. Bh3 Ne3 45. Bf1 Bxf5 46. Kf2 Nxf1 47.
Kxf1 Bd3+ 48. Kf2 Bxc4 49. Ke3 Bxb5 50. Kd4 Ke7 51. Bh4+ Kd7 52. Bg5 c6 53. dxc6+ Kxc6 54. Be7 Be2 55. Bg5 b5 56. Bd2 a4 57. Bf4 Bc4 58.
Bg5 g6 59. Bf4 Kd7 60. Bg3 Ke6 61. Ke4 d5+ 62. Kd4 Kf5 63. Ke3 g5 64. Kf3 Bd3 65. Bd6 Bc4 66. Bc5 Bb3 67. Bd4 Bd1+ 68. Ke3 g4 69.
Bc5 g3 70. Bd6 Kg4 0-1

[Event "*** Titled Tuesday Blitz"]
[Site "Chess.com"]
[Date "2021.02.09"]
[Round "11"]
[White "CakeinSpace2002"]
[Black "vovachesss"]
[Result "0-1"]
[WhiteElo "2373"]
[BlackElo "2706"]
[TimeControl "180+1"]
[EndTime "12:09:14 PST"]
[Termination "vovachesss won by checkmate"]

1. d4 e5 2. d5 Bc5 3. c4 d6 4. Nc3 f5 5. e3 Nf6 6. Nf3 a6 7. Be2 O-O 8. O-O h6 9. a3 g5 10. b4 Ba7 11. Bb2 g4 12. Nd2 h5 13.
Nb3 Rf7 14. c5 Nbd7 15. c6 Nf8 16. b5 Ng6 17. cxb7 Bxb7 18. bxa6 Bc8 19. Nb5 f4 20. Nxa7 Rxa7 21. exf4 Nxf4 22. Na5 Bxa6 23. Bxa6 Rxa6 24. Nc6 Qd7 25. Nb4 Rb6 26. Bc1 Rxb4 27. axb4 N6xd5 28. Bxf4 Nxf4 29. Qc2 Qe6 30. Ra8+ Kg7 31. Ra7 Qd5 32.
f3 gxf3 33. Rxf3 Qd4+ 34. Qf2 Qd1+ 35. Qf1 Ne2+ 36. Kf2 Rxf3+ 37. gxf3 Qd4+ 38. Kxe2 Qxa7 39. Qg2+ Kf7 40. Qg5 Qa2+ 41. Kf1 Qb1+ 42. Ke2 Qc2+ 43. Kf1 Qd3+ 44. Kf2 Qd4+ 45. Kf1 Qc4+ 46. Kf2 Qd4+ 47. Kf1 h4 48. Qh5+ Ke6 49. Qe8+ Kd5 50. Qg8+ Kc6 51. Qa8+ Kb5 52. Qb7+ Qb6 53. Qe4 Qc6 54. Qxh4 d5 55. Qg5 Qc4+ 56. Kg2 Qc2+ 57. Kg3 Qc3 58. Qd8 Kxb4 59.
Qxd5 Qe1+ 60. Kg2 c5 61. Qb7+ Kc3 62. Qe7 c4 63. Qc5 Qd2+ 64. Kg3 Qg5+ 65. Kf2 Qd2+ 66. Kg3 Qf4+ 67. Kf2 Qd4+ 68. Qxd4+ exd4 69. f4 d3 70. f5 d2 71. f6 d1=Q 72. f7 Qd8 73. Kg3 Qf8 74. Kf4 Qxf7+ 75. Kg5 Kb2 76. h4 c3 77. h5 c2 78. Kh6 c1=Q# 0-1

[Event "*** Titled Tuesday Blitz"]
[Site "Chess.com"]
[Date "2021.02.09"]
[Round "11"]
[White "GameOverBro"]
[Black "Skatchkov_V"]
[Result "1-0"]
[WhiteElo "2435"]
[BlackElo "2514"]
[TimeControl "180+1"]
[EndTime "12:09:14 PST"]
[Termination "GameOverBro won by resignation"]

1. e4 e5 2. Nf3 d5 3. exd5 e4 4. Qe2 Nf6 5. Nc3 Be7 6. Nxe4 O-O 7. Nxf6+ Bxf6 8. Qd1 Qxd5 9. Be2 c5 10. O-O Nc6 11.
d3 Bg4 12. Be3 Rae8 13. h3 Bh5 14. c3 Ne7 15. g4 Bg6 16. Qb3 Qxb3 17. axb3 Nd5 18.
Bxc5 Rxe2 19. Bxf8 Kxf8 20. g5 Bd8 21. Rxa7 Rxb2 22.
Ra8 Ke7 23. Re1+ Kd7 24. Ne5+ Kc7 25. Nc4 Rxb3 26. Re8 Rb1+ 27. Kh2 Be7 28. Rac8+ Kd7 29. Ne5+ Ke6 30. Nxg6 hxg6 31. c4 Nb6 32. Rc7 Nd7 33.
d4 Kd6 34. Rcc8 Bxg5 35. c5+ Kd5 36. Kg3 Rb4 37. Rc7 Nf6 38. Re5+ Kxd4 39. Rxg5 Ne4+ 40. Kg4 Rb1 41. Kf4 Nxg5 42. Kxg5 Rg1+ 43. Kf4 f6 44. Rxb7 Kxc5 45. Rxg7 Kd5 46. Re7 Kd6 47. Re8 Kd5 48. f3 Kd6 49. h4 Kd5 50. Re2 g5+ 51. hxg5 Rxg5 52. Re8 Kd6 53. Re1 Rb5 54. Kg4 Rg5+ 55.
Kf4 Rc5 56. Re8 Rg5 57. Re2 Rc5 58. Kg4 Rg5+ 59. Kh4 Kd5 60. Re8 Re5 61. Rf8 Re6 62.
Kg4 Ke5 63. f4+ Ke4 64. Ra8 f5+ 65. Kg5 Re7 66. Ra4+ Kd5 67. Kxf5 Rf7+ 68. Kg6 Ke6 69. f5+ Ke7 70. Ra7+ 1-0

[Event "*** Titled Tuesday Blitz"]
[Site "Chess.com"]
[Date "2021.02.09"]
[Round "11"]
[White "UCantHandleDenker"]
[Black "ketster"]
[Result "1/2-1/2"]
[WhiteElo "2610"]
[BlackElo "2470"]
[TimeControl "180+1"]
[EndTime "12:09:15 PST"]
[Termination "Game drawn by repetition"]

1. Nf3 Nf6 2. d3 d5 3. g3 c5 4. Bg2 Nc6 5. O-O e5 6. Nbd2 Be7 7. e4 O-O 8. a4 Bg4 9. h3 Bh5 10. exd5 Nxd5 11. Re1 f6 12. c3 Qd7 13. Qc2 Rad8 14.
a5 Nc7 15. Nh4 Bf7 16. Ne4 Rfe8 17. Be3 b6 18. axb6 axb6 19. Qa4 Nd5 20. Bd2 h6 21. g4 Bf8 22. Qb5 Qc7 23. Qa4 Nde7 24. Qb5 g5 25. Nf5 Bg7 26. Ra6 Nxf5 27. gxf5 Ne7 28. Rxb6 Nxf5 29. Nxf6+ Bxf6 30. Rxf6 Nh4 31. Be4 Kg7 32. Rb6 Qc8 33. Kh2 Be6 34. Rg1 Re7 35.
Bxg5 hxg5 36. Rxg5+ Kf8 37. Rh5 Nf5 38. Rxe6 Qxe6 39.
Rxf5+ Rf7 40. Rxf7+ Kxf7 41. Qxc5 Qf6 42. Qe3 Rb8 43. b4 Rd8 44. c4 Qe7 45. Bd5+ Ke8 46.
Qe4 Kd7 47. Qf5+ Kc7 48. f4 exf4 49. Qxf4+ Kc8 50. Qf5+ Qd7 51. Qxd7+ Kxd7 52. Be4 Kd6 53. Kg3 Ke5 54. Kf3 Rg8 55. Ke3 Rg3+ 56. Kd2 Rxh3 57. Kc3 Rh6 58. b5 Kd6 59. Kb4 Rh5 60. d4 Kc7 61. c5 Rh4 62. b6+ Kb8 63. Bc2 Rxd4+ 64. Kb5 Rd2 65. Be4 Rb2+ 66. Kc6 Rb4 67. Bd5 Rb1 68. Bc4 Rb4 69. Kd5 Rb1 70. Kc6 Rb4 71. Be6 Rb2 72. Bd5 Rd2 73. Be4 Rb2 74. Bd3 Rb3 75. Bc4 Rb4 1/2-1/2